 Dungeon Crawl Stone Soup version 0.22.0-27-ga576289 (webtiles) character file.

26133 rgaf the Severer (level 12, -6/115 HPs)
             Began as a Minotaur Fighter on Aug 22, 2018.
             Was an Initiate of Uskayaw.
             Mangled by a seven-headed hydra (9 damage)
             ... on level 3 of the Lair of Beasts.
             The game lasted 00:10:43 (13972 turns).

rgaf the Severer (Minotaur Fighter)                Turns: 13972, Time: 00:10:43

Health: -6/115     AC: 17    Str: 22    XL:     12   Next: 95%
Magic:  8/11       EV: 13    Int: 11    God:    Uskayaw [......]
Gold:   788        SH:  0    Dex: 12    Spells: 11/11 levels left

rFire    . . .     SeeInvis .   Q - +7 battleaxe "Ywosui Xure" {venom, -Tele Int+2 Dex+2 Stlth+}
rCold    . . .     Gourm    .   (shield currently unavailable)
rNeg     . . .     Faith    .   y - +0 chain mail (curse)
rPois    .         Spirit   .   (helmet restricted)
rElec    .         Reflect  .   (no cloak)
rCorr    .         Harm     .   k - +1 pair of gloves
MR       .....     NoTele   +   F - +0 pair of boots
Stlth    ..........             (no amulet)
HPRegen  0.29/turn              H - +5 ring of evasion
MPRegen  0.12/turn              B - ring of stealth

@: lethally poisoned (-6 -> -10)
A: retaliatory headbutt, horns 2
a: Renounce Religion


You were on level 3 of the Lair of Beasts.
You worshipped Uskayaw.
Uskayaw was noncommittal.
You were not hungry.

You visited 3 branches of the dungeon, and saw 17 of its levels.

You collected 788 gold pieces.

Inventory:

Hand Weapons
 a - a +0 war axe
 C - a +1 hand axe of electrocution
 Q - the +7 battleaxe "Ywosui Xure" (weapon) {venom, -Tele Int+2 Dex+2 Stlth+}
   (You found it on level 11 of the Dungeon)

   It poisons the flesh of those it strikes.
   It affects your intelligence (+2).
   It affects your dexterity (+2).
   It prevents most forms of teleportation.
   It makes you more stealthy.
Armour
 b - a +0 scale mail
 c - a +0 shield
 k - a +1 pair of gloves (worn)
 y - a cursed +0 chain mail (worn)
 F - a +0 pair of boots (worn)
 M - the +2 scale mail of the Gardener {rPois Str-3 Dex+7}
   (You found it on level 9 of the Dungeon)

   It affects your strength (-3).
   It affects your dexterity (+7).
   It protects you from poison.
Jewellery
 l - an uncursed ring of ice
 B - a ring of stealth (right hand)
 G - an uncursed ring of stealth
 H - a +5 ring of evasion (left hand)
 O - an uncursed ring of protection from cold {unknown}
 U - an uncursed ring of resist corrosion {unknown}
Wands
 p - a wand of disintegration (11)
 N - a wand of acid (12)
 P - a wand of polymorph (28)
 T - a wand of paralysis (9)
Scrolls
 d - a scroll of random uselessness
 f - 3 scrolls of fog
 g - a scroll of blinking {unknown}
 i - 11 scrolls of identify
 j - 6 scrolls of teleportation
 m - 5 scrolls of amnesia {unknown}
 n - 3 scrolls of fear {unknown}
 q - 5 scrolls of immolation {unknown}
 r - 4 scrolls of remove curse {unknown}
 s - 5 scrolls of enchant armour {unknown}
 u - 4 scrolls of magic mapping {unknown}
 v - 2 scrolls of enchant weapon {unknown}
 E - 2 scrolls of noise {unknown}
 K - a scroll of vulnerability {unknown}
 S - a scroll of torment {unknown}
Potions
 h - 3 potions of flight {unknown}
 o - 3 potions of ambrosia {unknown}
 t - a potion of curing
 w - 3 potions of lignification {unknown}
 z - 2 potions of cancellation {unknown}
 A - 3 potions of magic {unknown}
 D - 4 potions of heal wounds {unknown}
 I - a potion of brilliance {unknown}
 J - 2 potions of agility {unknown}
 L - 4 potions of haste {unknown}
 R - 2 potions of berserk rage {unknown}
Comestibles
 e - 29 rations
 x - 3 chunks of flesh


   Skills:
 + Level 13.3 Fighting
 * Level 17.4 Axes
 + Level 13.3 Armour
 - Level 3.6 Shields


You had 11 spell levels left.
You didn't know any spells.
Your spell library contained the following spells:

 Spells                   Type           Power        Failure   Level  Hunger
 Animate Skeleton         Necr           N/A          88%         1    ##.....
 Apportation              Tloc           #.....       88%         1    ##.....
 Beastly Appendage        Tmut           #.....       88%         1    ##.....
 Confusing Touch          Hex            #.....       88%         1    ##.....
 Summon Butterflies       Summ           #.......     88%         1    ##.....
 Summon Small Mammal      Summ           #...         88%         1    ##.....
 Sticks to Snakes         Tmut           #.......     95%         2    ###....
 Lesser Beckoning         Tloc           #.........   99%         3    ####...
 Spider Form              Tmut/Pois      #.........   99%         3    ####...
 Tukima's Dance           Hex            #.......     99%         3    ####...
 Ice Form                 Ice/Tmut       #.......     100%        4    #####..
 Alistair's Intoxication  Tmut/Pois      #.......     100%        5    ######.
 Blade Hands              Tmut           #.........   100%        5    ######.
 Invisibility             Hex            #.......     100%        6    #######


Dungeon Overview and Level Annotations

Branches:
Dungeon (13/15)            Temple (1/1) D:6            Lair (3/6) D:9
    Orc (0/2) D:9
  Swamp: Lair:2-4    Shoals: Lair:2-4     Snake: Lair:2-4    Spider: Lair:2-4
 Vaults: D:13-14

Altars:
Ashenzari
Cheibriados
Dithmenos
Elyvilon
Fedhas
Gozag
Hepliaklqana
Kikubaaqudgha
Makhleb
Nemelex Xobeh
Okawaru
Qazlal
Ru
Sif Muna
Trog
Uskayaw
Vehumet
Wu Jian
Xom
Yredelemnul
Zin
The Shining One

Shops:
D:11 :   D:13 %

Portals:
Trove: D:12 (give 2 scrolls of acquirement)

Annotations:
D:12 3 runed doors, shmeve's ghost, journeyman MiBe
Lair:2 exclusion: oklob plant


Innate Abilities, Weirdness & Mutations

You reflexively headbutt those who attack you in melee.
You have a pair of horns on your head.


Message History

You feel a strange sense of stasis.
It was a scroll of teleportation.
You feel sick.
The seven-headed hydra completely misses you.
The seven-headed hydra misses you.
The seven-headed hydra bites you but does no damage.
The seven-headed hydra bites you.
The seven-headed hydra bites you but does no damage.
The seven-headed hydra bites you.
* * * LOW HITPOINT WARNING * * *
The seven-headed hydra bites you but does no damage.
You stomp with the beat, sending a shockwave through the revelers around you!
The seven-headed hydra is moderately wounded.
You feel somewhat more hungry.
You can no longer stomp with the beat.
You feel sick. The seven-headed hydra bites you!
* * * LOW HITPOINT WARNING * * *
The seven-headed hydra barely misses you.
The seven-headed hydra bites you but does no damage. x2
The seven-headed hydra bites you!
You die...

#....... # #.8...8.#. P.##.
#........# ##..#. ....8....##
..(. .. ........##...# ....
##..##...#...##...>#
###...§#.§.##..#.....# .>.
#.....§§#F8...#.#....##.
...#######.#..§§@D§...#..........
#..#....###...§§##..#............
..............§§.................
.................................
................................
.............................#
.................####.......##
....####.........##P#.###...##
...#####.P..#.....#....#...).#


You could see a seven-headed hydra and a spiny frog.

Vanquished Creatures
  Snorg (D:10)
  A death knight (D:12)
  4 two-headed ogres
  A tengu warrior (D:11)
  2 unseen horrors
  3 ugly things
  2 manticores (D:12)
  2 cyclopes
  2 spiny frogs
  A gargoyle (D:13)
  A torpor snail (Lair:2)
  A kobold demonologist (D:13)
  A redback zombie (D:13)
  7 trolls
  A queen bee (D:10)
  Grinder (D:3)
  4 slime creatures
  A dream sheep (shapeshifter) (D:13)
  5 hippogriffs
  4 blink frogs (Lair:3)
  A vampire (D:13)
  A wyvern (D:12)
  12 yaks
  2 wraiths
  2 hungry ghosts
  4 water moccasins
  4 porcupines
  2 orc warriors
  4 ice beasts
  2 phantoms
  4 ogres
  2 sky beasts
  An eye of draining (D:13)
  2 black bears
  3 necrophages
  11 centaurs
  5 crocodiles
  16 bullfrogs
  A wyvern skeleton (D:11)
  24 killer bees
  4 scorpions
  7 wights
  3 vampire bats (D:8)
  2 howler monkeys (D:8)
  2 centaur zombies
  8 crimson imps
  9 hounds
  4 jellies
  A quasit (D:6)
  2 bullfrog zombies
  3 centaur skeletons
  4 orc priests
  9 orc wizards
  A bullfrog skeleton (D:12)
  A gnoll shaman (D:9)
  10 iguanas
  A hound skeleton (D:11)
  A mummy (D:9)
  12 gnolls
  2 howler monkey skeletons
  7 adders
  5 shadow imps
  An ooze (D:2)
  An adder skeleton (D:5)
  5 worms (D:2)
  3 dart slugs
  7 leopard geckos
  43 orcs
  2 bat skeletons (D:8)
  4 bat zombies (D:8)
  4 giant cockroaches
  6 goblins
  7 hobgoblins
  11 jackals
  8 kobolds
  4 quokkas
  3 ball pythons
  3 bats
  6 frilled lizards
  A quokka zombie (D:6)
  8 rats
  2 fungi (Lair:3)
375 creatures vanquished.

Vanquished Creatures (others)
  2 gnolls (D:4)
  4 jackals (D:4)
6 creatures vanquished.

Grand Total: 381 creatures vanquished

Notes
Turn   | Place    | Note
-------+----------+-------------------------------------------
     0 | D:1      | rgaf the Minotaur Fighter began the quest for the Orb.
     0 | D:1      | Reached XP level 1. HP: 19/19 MP: 0/0
    76 | D:1      | Reached skill level 3 in Axes
    76 | D:1      | Reached XP level 2. HP: 19/27 MP: 1/1
   605 | D:2      | Reached XP level 3. HP: 33/33 MP: 2/2
   840 | D:2      | Reached skill level 4 in Axes
   840 | D:2      | Reached XP level 4. HP: 30/41 MP: 3/3
  1166 | D:2      | Noticed a moth of wrath
  1169 | D:2      | Found a bloodstained altar of Trog.
  1683 | D:3      | Reached XP level 5. HP: 47/47 MP: 4/4
  1702 | D:3      | Noticed Grinder
  1713 | D:3      | Killed Grinder
  1713 | D:3      | Reached skill level 5 in Fighting
  1713 | D:3      | Reached skill level 5 in Axes
  1713 | D:3      | Reached skill level 5 in Armour
  1713 | D:3      | Reached XP level 6. HP: 30/56 MP: 5/5
  2095 | D:3      | Reached skill level 6 in Axes
  2165 | D:3      | You fall through a shaft for 3 floors!
  2332 | D:6      | Reached XP level 7. HP: 32/62 MP: 6/6
  2522 | D:6      | Found a staircase to the Ecumenical Temple.
  2526 | Temple   | Entered the Ecumenical Temple
  2600 | Temple   | Became a worshipper of Uskayaw the Reveler
  2622 | D:6      | Reached * piety under Uskayaw
  2633 | D:6      | Found a stormy altar of Qazlal.
  2719 | D:6      | Reached skill level 7 in Axes
  2719 | D:6      | Reached ** piety under Uskayaw
  2855 | D:6      | Reached *** piety under Uskayaw
  3140 | D:5      | Entered Level 5 of the Dungeon
  3208 | D:4      | Found a radiant altar of Vehumet.
  3402 | D:3      | Reached skill level 8 in Axes
  3576 | D:4      | Reached **** piety under Uskayaw
  3882 | D:4      | Reached XP level 8. HP: 66/71 MP: 7/7
  4213 | D:5      | Reached ***** piety under Uskayaw
  4402 | D:5      | Reached skill level 9 in Axes
  5323 | D:7      | Noticed a hippogriff
  5329 | D:7      | Killed a hippogriff
  5329 | D:7      | Reached skill level 10 in Axes
  5436 | D:7      | Reached XP level 9. HP: 61/81 MP: 8/8
  5542 | D:7      | Found a deep blue altar of Sif Muna.
  6127 | D:8      | Noticed a two-headed ogre
  6131 | D:8      | Reached skill level 11 in Axes
  6139 | D:8      | Killed a two-headed ogre
  6683 | D:8      | Found a hazy altar of Hepliaklqana.
  6684 | D:8      | Found a shimmering altar of Xom.
  6685 | D:8      | Noticed a spectral ugly thing
  6722 | D:8      | Reached skill level 12 in Axes
  6868 | D:8      | Found an ancient bone altar of Kikubaaqudgha.
  6931 | D:9      | Noticed a troll
  6932 | D:9      | Reached XP level 10. HP: 77/91 MP: 9/9
  7447 | D:9      | Reached skill level 10 in Armour
  7491 | D:9      | Reached skill level 10 in Fighting
  7530 | D:9      | Reached skill level 13 in Axes
  7611 | D:9      | Found a staircase to the Orcish Mines.
  7946 | D:9      | Found a staircase to the Lair.
  8057 | D:9      | Found a snail-covered altar of Cheibriados.
  8213 | D:9      | Got a smelly scale mail
  8214 | D:9      | Identified the +2 scale mail of the Gardener {rPois Str-3 Dex+7} (You found it on level 9 of the Dungeon)
  8227 | D:10     | Entered Level 10 of the Dungeon
  8342 | D:10     | Noticed Snorg
  8359 | D:10     | Killed Snorg
  8359 | D:10     | Reached skill level 14 in Axes
  8359 | D:10     | Reached XP level 11. HP: 58/101 MP: 10/10
  9032 | D:11     | Killed an unseen horror
  9084 | D:11     | Got an ichor-stained battleaxe
  9093 | D:11     | Identified the +7 battleaxe "Ywosui Xure" {venom, -Tele Int+2 Dex+2 Stlth+} (You found it on level 11 of the Dungeon)
  9165 | D:11     | Noticed a tengu warrior
  9175 | D:11     | Killed a tengu warrior
  9573 | D:11     | Noticed a two-headed ogre
  9579 | D:11     | Killed a two-headed ogre
  9579 | D:11     | Reached skill level 15 in Axes
  9585 | D:11     | Noticed a white ugly thing
  9592 | D:11     | Killed a white ugly thing
  9727 | D:11     | You fall through a shaft for 2 floors!
 10003 | D:13     | Found Waega's Food Shop.
 10030 | D:13     | Reached ****** piety under Uskayaw
 10068 | D:13     | Noticed a purple ugly thing
 10350 | D:12     | Noticed a purple ugly thing
 10356 | D:12     | Reached XP level 12. HP: 91/112 MP: 11/11
 10491 | D:12     | Reached skill level 16 in Axes
 10532 | D:12     | Noticed a two-headed ogre
 10537 | D:12     | Killed a two-headed ogre
 10894 | D:12     | Noticed a two-headed ogre
 10899 | D:12     | Killed a two-headed ogre
 11006 | D:12     | Noticed a death knight
 11014 | D:12     | Killed a death knight
 11043 | D:12     | HP: 4/113 [barbs]
 11426 | D:12     | Found a portal to a secret trove of treasure.
 11545 | D:12     | Found a runed gate.
 11546 | D:12     | Found a runed gate.
 11547 | D:12     | Found a runed gate.
 11548 | D:12     | Noticed shmeve's ghost (journeyman MiBe)
 11868 | D:11     | Found Wikhuon's Book Shoppe.
 12086 | Lair:1   | Entered Level 1 of the Lair of Beasts
 12201 | Lair:1   | Reached skill level 17 in Axes
 13914 | Lair:3   | Noticed a six-headed hydra
 13972 | Lair:3   | HP: 3/115 [seven-headed hydra (7)]
 13972 | Lair:3   | Mangled by a seven-headed hydra

Skill      XL: |  1  2  3  4  5  6  7  8  9 10 11 12 |
---------------+-------------------------------------+-----
Axes           | 3 4 5 6 8 10 12 14 15 17 | 17.4
Fighting       | 4 5 6 7 9 10 12 13 | 13.3
Armour         | 4 5 6 7 9 10 12 13 | 13.3
Shields        | |  3.6

Action                   |  1- 3 |  4- 6 |  7- 9 | 10-12 || total
-------------------------+-------+-------+-------+-------++-------
Melee: War axe           |    66 |    92 |   188 |       ||   346
       Headbutt          |     9 |    16 |    57 |    77 ||   159
       Hand axe          |       |       |   148 |   226 ||   374
       Battleaxe         |       |       |       |   261 ||   261
Invok: Stomp             |       |       |       |     1 ||     1
Evoke: Wand              |       |       |       |     7 ||     7
  Use: Potion            |       |     1 |       |     3 ||     4
       Scroll            |       |       |       |     4 ||     4
 Stab: Paralysed         |       |       |    26 |    33 ||    59
  Eat: Chunk             |       |     5 |    14 |    18 ||    37
       Ration            |       |       |       |     2 ||     2
Armor: Scale mail        |    30 |    36 |    85 |       ||   151
       Chain mail        |       |       |    79 |   241 ||   320
Dodge: Dodged            |    28 |    29 |    86 |   226 ||   369
Block: Shield            |    32 |    46 |   158 |   107 ||   343
